 Dungeon Crawl Stone Soup version 0.27-a0-797-g27d10ad80f (webtiles) character file.

Game seed: 7698235211726645298

10 rageheart7 the Skirmisher (level 2, -1/24 HPs)
             Began as a Demonspawn Wanderer on Mar 28, 2021.
             Slain by a gnoll
             ... wielding a +0 spear
              (4 damage)
             ... on level 1 of the Dungeon.
             The game lasted 00:00:47 (77 turns).

rageheart7 the Skirmisher (Demonspawn Wanderer)       Turns: 77, Time: 00:00:47

Health: -1/24      AC:  5    Str: 11    XL:     2   Next: 10%
Magic:  2/2        EV: 12    Int: 12    God:
Gold:   0          SH:  0    Dex: 14    Spells: 1/1 levels left

rFire    . . .     SeeInvis .   c - +0 quarterstaff
rCold    . . .     Faith    .   (shield currently unavailable)
rNeg     . . .     Spirit   .   e - +0 robe
rPois    .         Reflect  .   (no helmet)
rElec    .         Harm     .   a - +0 cloak
rCorr    .         Rampage  .   (no gloves)
Will     .....                  (no boots)
Stlth    ++........             (no amulet)
HPRegen  0.08/turn              (no ring)
MPRegen  0.08/turn              (no ring)

@: berserk cooldown, slowed, very slow
A: molten scales 1
a: no special abilities


You were on level 1 of the Dungeon.
You visited 1 branch of the dungeon, and saw 1 of its levels.

Inventory:

Hand Weapons
 c - a +0 quarterstaff (weapon)
Armour
 a - a +0 cloak (worn)
 e - a +0 robe (worn)


   Skills:
 * Level 3.3 Fighting
 * Level 2.2 Staves
 - Level 1.7 Dodging
 - Level 2.6 Stealth


You had one spell level left.
You didn't know any spells.
Your spell library was empty.

Dungeon Overview and Level Annotations

Branches:
Dungeon (1/15)

Altars:


Innate Abilities, Weirdness & Mutations

You are partially covered in molten scales. (AC +2)


Message History

Your Staves skill increases to level 2!
You closely miss the kobold.
The kobold hits you with a +4 short sword.
You hit the kobold.
You kill the kobold!
You sock the endoplasm!
You kill the endoplasm!
The kobold throws a stone.
The stone closely misses you.
You bludgeon the endoplasm!!
You kill the endoplasm!
The kobold throws a stone.
The stone hits you but does no damage.
You have reached level 2!
Your demonic ancestry asserts itself...
Molten scales grow over part of your body.
You swing at nothing.
You sock the kobold!
You kill the kobold!
You swing at nothing.
You sock the goblin!
You kill the goblin!
The gnoll hits you from afar with a +0 spear.
You are no longer berserk.
You are exhausted.
You feel yourself slow down. The gnoll hits you with a +0 spear.
Items here: ( )))) †††.
You completely miss the gnoll. The gnoll misses you.
The gnoll hits you with a +0 spear.
You closely miss the gnoll. The gnoll hits you with a +0 spear.
The gnoll closely misses you.
You closely miss the gnoll. The gnoll hits you with a +0 spear.
* * * LOW HITPOINT WARNING * * *
You thump the gnoll!
The gnoll is severely wounded.
The gnoll hits you but does no damage. The gnoll hits you with a +0 spear.
* * * LOW HITPOINT WARNING * * *
You aren't carrying any potions.
You barely miss the gnoll.
The gnoll is severely wounded.
The gnoll hits you with a +0 spear.
You die...

#.#######..##.≈.P≈P.#
#.........(##.PPP≈≈P#
##########.##.P≈≈PP##
#....PP.P##
####.##### #.# #.#
#.# #@#
......g.......#
##.####.#####.# ...
... #...# ##.## ..♣


You could see a gnoll.

Vanquished Creatures
  2 endoplasms (D:1)
  A goblin (D:1)
  2 jackals (D:1)
  3 kobolds (D:1)
8 creatures vanquished.

Vanquished Creatures (others)
  A plant (D:1)
1 creature vanquished.

Grand Total: 9 creatures vanquished

Notes
Turn   | Place    | Note
-------+----------+-------------------------------------------
     0 | D:1      | rageheart7 the Demonspawn Wanderer began the quest for the
                  | Orb.
     0 | D:1      | rageheart7 set off with the following items: a +2 dagger, a
                  | potion of berserk rage, a +0 quarterstaff, a potion of
                  | curing, a +0 robe
     0 | D:1      | Reached XP level 1. HP: 18/18 MP: 1/1
    68 | D:1      | Gained mutation: You are partially covered in molten
                  | scales. (AC +2) [demonic ancestry]
    68 | D:1      | Reached XP level 2. HP: 24/24 MP: 2/2
    77 | D:1      | Slain by a gnoll

Illustrated notes

Levels and vault maps discovered:
D:1:      dpeg_arrival_rooms_with_view, layout_loops_corners, serial_bayou,
          serial_bayou_pond_b, serial_bayou_lagoon_a, serial_bayou_pond_e,
          serial_bayou_shore_b, serial_bayou_lake_a

Skill      XL: |  1 |
---------------+----+-----
Staves         | 2 |  2.2
Fighting       | |  3.3
Dodging        | |  1.7
Stealth        | |  2.6

Action                   || total
-------------------------++-------
Melee: Quarterstaff      ||    25
  Use: Potion            ||     2
Armor: Robe              ||     9
Dodge: Dodged            ||    27

Table legend: (Time is in decaauts)
 A = Elapsed time spent in this place.
 B = Non-inter-level travel time spent in this place.
 C = Inter-level travel time spent in this place.
 D = Time resting spent in this place.
 E = Time spent auto-exploring this place.
 F = Levels seen in this place.
 G = Mean time per level.
                   A        B        C        D        E       F      G
               +--------+--------+--------+--------+--------+-----+--------+
         Total |     78 |     78 |      0 |      0 |     31 |   1 |   78.0 |
       Dungeon |     78 |     78 |      0 |      0 |     31 |   1 |   78.0 |
               +--------+--------+--------+--------+--------+-----+--------+

Top non-repeatable levels by time:
     D:1: 78 daAuts
